 Dungeon Crawl Stone Soup version 0.18-a0-1572-g0a86841 (webtiles) character file.

72 mopl the Insei (level 4, -7/35 HPs)
             Began as a Mummy Monk on Mar 15, 2016.
             Killed from afar by an orc wizard (13 damage)
             ... with a puff of flame
             ... on level 3 of the Dungeon.
             The game lasted 00:03:01 (2812 turns).

mopl the Insei (Mummy Monk)                         Turns: 2812, Time: 00:03:01

Health: -7/35      AC:  0    Str: 14    XL:     4   Next: 7%
Magic:  4/4        EV: 13    Int:  9    God:
Gold:   133        SH:  0    Dex: 15    Spells: 0 memorised, 3 levels left

rFire  x . .     SeeInvis .       - Unarmed
rCold  + . .     Gourm    .     (no armour)
rNeg   + + +     Faith    .     (no shield)
rPois  ∞         Spirit   .     (no helmet)
rElec  .         Dismiss  .     (no cloak)
rCorr  .         Reflect  .     (no gloves)
SustAt .         Harm     .     (no boots)
MR     .....                    (no amulet)
Stlth  +.........               (no ring)
                                (no ring)

@: confused, not resistant to hostile enchantments, very unstealthy
A: no food or potions, fire vulnerability, cold resistance 1, negative energy
resistance 3, torment resistance, unbreathing
a: no special abilities


You were on level 3 of the Dungeon.
You were not hungry.

You visited 1 branch of the dungeon, and saw 3 of its levels.

You collected 133 gold pieces.

Inventory:

Scrolls
 c - a scroll of fear
 d - a scroll of enchant armour
 e - a scroll of remove curse {unknown}


   Skills:
 - Level 3.0 Fighting
 - Level 2.4 Dodging
 - Level 1.5 Stealth
 * Level 4.6 Unarmed Combat


You had 3 spell levels left.
You didn't know any spells.

Dungeon Overview and Level Annotations

Branches:
Dungeon (3/15)

Altars:
Xom

Annotations:
D:2 exclusion: door


Innate Abilities, Weirdness & Mutations

You do not eat or drink.
Your flesh is vulnerable to fire.
You are immune to poison.
Your flesh is cold resistant.
You are immune to negative energy.
You are immune to unholy pain and torment.
You can survive without breathing.


Message History

You are too injured to fight recklessly!
You barely miss the orc. The orc closely misses you.
You hit the orc but do no damage. The orc hits you with a hand axe.
You hit the orc.
The orc is lightly wounded.
The orc hits you with a hand axe!
* * * LOW HITPOINT WARNING * * *
You punch the orc!
You kill the orc!
An orc wizard comes into view. It is wielding a dagger.
The orc wizard shouts!
Things that are here:
a hand axe; a ring mail; 9 gold pieces
Things that are here:
a whip; a club; a goblin corpse The orc wizard gestures at you while chanting.
You are confused.
The orc wizard points at you and mumbles some strange words.
The puff of flame hits you! The fire burns you terribly!
You die...

.........#
.........#
.........#
.####....# .#
#....#
.####....########
.+..'....'......#
.####....######.##
.# #....# #.@#
#####....# ##.#
......#### #.# ##
#####.# #.# ... ..
#.# #.## .o.. .#
#.# #..# ..... .#
#.# ##o#...... .#
#.# #)....... .#
#+# ##.......


You could see an orc wizard.

Vanquished Creatures
  An ooze (D:1)
  3 worms (D:2)
  A dart slug (D:1)
  4 giant geckos
  2 orcs (D:3)
  4 giant cockroaches
  3 goblins
  4 hobgoblins
  8 bats
  3 giant newts
  9 kobolds
  9 rats
51 creatures vanquished.

Vanquished Creatures (others)
  A fungus (D:2)
1 creature vanquished.

Grand Total: 52 creatures vanquished

Notes
Turn   | Place    | Note
--------------------------------------------------------------
     0 | D:1      | mopl the Mummy Monk began the quest for the Orb.
     0 | D:1      | Reached XP level 1. HP: 18/18 MP: 1/1
   144 | D:1      | Reached XP level 2. HP: 18/24 MP: 2/2
  1010 | D:1      | Reached skill level 4 in Unarmed Combat
  1327 | D:2      | Reached XP level 3. HP: 10/29 MP: 3/3
  2732 | D:3      | Found a shimmering altar of Xom.
  2793 | D:3      | Reached XP level 4. HP: 35/35 MP: 4/4
  2812 | D:3      | Killed from afar by an orc wizard

Vault maps used:
D:1:      elethiomel_arrival_fortress_basement
D:2:      corner_web_ring, uniq_crazy_yiuf_cottage
D:3:      nicolae_overflow_hidden_temple, nicolae_dithmenos_shadow_blocks,
          gammafunk_pakellas_spire_experiment, uniq_purgy

Skill      XL: |  1  2 |
---------------+-------+-----
Unarmed Combat | 4 |  4.6
Fighting       | |  3.0
Dodging        | |  2.4
Stealth        | |  1.5

Action                   |  1- 3 |  4- 6 || total
-------------------------+-------+-------++-------
Melee: Unarmed           |   161 |    10 ||   171
  Use: Scroll            |     3 |       ||     3
 Stab: Sleeping          |     5 |       ||     5
